Map: Acropolis LE

Players

Mez

  • Race: Terran Terran
  • League: Master
  • Spawn Location: 5:00

A.I. 1 (Very Easy) - Winner!

  • Race: Protoss Protoss
  • Spawn Location: 11:00

VOD

Have the link to the VOD?

Description

Time

  • Played on: Aug. 9, 2019, 5:10 p.m.
  • Length: 8:44
Show
View Real Time Build Order
Export as new Build Order

Mez Terran 

Build Orders: Reaper Expand 

Get SALT Encoding   

  12  0:01  SCV  
  13  0:14  SCV  
  14  0:18  Supply Depot  
  14  0:26  SCV  
  15  0:39  SCV  
  15  0:41  Barracks  
  16  0:45  Refinery  
  16  0:51  SCV  
  17  1:03  SCV  
  18  1:17  SCV  
  19  1:29  Reaper, Orbital Command  
  20  1:42  Command Center  
  20  1:47  Bunker  
  20  1:55  SCV  
  21  2:03  Barracks Reactor  
  21  2:07  Supply Depot  
  21  2:09  SCV  
  22  2:21  SCV  
  23  2:32  Command Center  
  23  2:34  SCV  
  24  2:41  Factory  
  24  2:43  Marine  
  25  2:45  Marine  
  25  2:49  SCV  
  27  3:00  Refinery, Orbital Command  
  27  3:06  Marine x2  
  27  3:08  SCV  
  30  3:20  SCV  
  30  3:25  Widow Mine  
  33  3:27  SCV, Starport  
  33  3:32  Marine x2  
  33  3:33  SCV  
  37  3:40  SCV  
  38  3:43  Orbital Command  
  38  3:46  Widow Mine  
  40  3:50  Refinery, SCV  
  40  3:52  SCV  
  40  3:54  Marine  
  43  3:56  Marine  
  43  4:02  SCV  
  45  4:04  SCV  
  45  4:07  Starport Tech Lab  
  46  4:10  Supply Depot  
  46  4:12  SCV  
  46  4:14  SCV  
  46  4:16  Marine, Factory Tech Lab  
  46  4:17  Marine  
  49  4:19  SCV  
  52  4:24  SCV  
  52  4:26  Raven, SCV  
  55  4:31  SCV  
  55  4:33  Barracks, Supply Depot  
  55  4:35  Siege Tank  
  59  4:38  Marine  
  59  4:39  Marine  
  59  4:41  SCV  
  59  4:42  SCV  
  59  4:44  SCV  
  64  4:49  Barracks  
  64  4:53  SCV  
  64  4:54  SCV  
  64  4:56  SCV, Supply Depot  
  64  4:59  Marine  
  68  5:00  Marine  
  68  5:05  SCV  
  68  5:06  SCV  
  71  5:08  SCV  
  72  5:15  Engineering Bay  
  72  5:16  Engineering Bay  
  72  5:17  SCV  
  72  5:18  Siege Tank, Refinery  
  72  5:19  Starport Reactor  
  76  5:23  SCV, Supply Depot  
  76  5:24  SCV  
  78  5:28  Stimpack  
  78  5:29  SCV, Marine x3  
  82  5:43  Barracks  
  82  5:44  Terran Infantry Armor Level 1, Terran Infantry Weapons Level 1  
  82  5:45  Barracks  
  82  5:46  Orbital Command  
  82  5:48  Supply Depot  
  82  5:49  Marine x3  
  85  5:50  SCV x2  
  87  5:57  Factory Reactor  
  87  5:59  Medivac x2  
  87  6:01  Marine  
  87  6:02  SCV  
  93  6:10  SCV, Marine, Marauder  
  97  6:14  SCV  
  97  6:16  SCV  
  99  6:22  SCV  
  99  6:23  Marine  
  101  6:30  Supply Depot  
  101  6:31  Supply Depot  
  101  6:32  Supply Depot  
  101  6:34  Barracks Reactor, Barracks Tech Lab, Supply Depot  
  101  6:38  Marine x2  
  101  6:39  Marauder, Medivac x2  
  109  6:52  Widow Mine x2, SCV x3, Marine  
  117  6:55  Supply Depot  
  117  6:56  Marine  
  117  6:57  Marauder, Supply Depot  
  117  6:59  Refinery, Supply Depot  
  117  7:00  Marauder x2  
  124  7:04  SCV x3  
  124  7:06  Combat Shield  
  127  7:11  Medivac x2  
  127  7:15  Marine x3  
  131  7:16  SCV x3, Marine  
  131  7:18  Marauder  
  140  7:24  Armory  
  140  7:25  Supply Depot  
  140  7:26  Marauder, Supply Depot x2  
  140  7:27  Widow Mine, Marauder  
  140  7:28  SCV x2  
  140  7:29  Widow Mine  
  150  7:34  Marine x2  
  150  7:35  SCV  
  153  7:40  Refinery, Marauder, Medivac  
  157  7:46  Marine x2  
  157  7:48  Medivac  
  163  7:57  Marine x2  
  163  7:58  Marauder x2  
  167  8:02  Command Center  
  167  8:12  Barracks  
  167  8:13  Barracks  
  167  8:14  Barracks  
  167  8:22  Supply Depot x2  
  171  8:28  Ghost Academy  
Show
View Real Time Build Order
Export as new Build Order

A.I. 1 (Very Easy) Protoss - Winner!

Build Orders:  

Get SALT Encoding   

  12  0:00  Probe  
  13  0:13  Probe  
  14  0:19  Pylon  
  14  0:37  Assimilator  
  14  0:43  Gateway  
  14  0:45  Pylon  
  14  1:13  Assimilator  
  14  1:22  Zealot, Probe  
  14  1:30  Probe  
  17  1:33  Cybernetics Core  
  18  1:40  Probe  
  19  1:52  Probe  
  20  1:59  Warp Gate  
  20  2:01  Probe  
  21  2:09  Probe  
  22  2:45  Stalker  
  24  4:56  Probe  
  24  6:48  Probe  
  24  7:22  Probe  
  24  7:27  Adept  
  24  7:28  Pylon  
  24  7:29  Robotics Facility  
  27  7:30  Probe  
  27  7:33  Nexus  
  28  7:40  Probe  
  24  7:52  Probe  
  25  8:14  Observer  
  26  8:26  Zealot  
Tags
 
Add a new tag
Caveats
  • Supply blocks, unpowered buildings, or Contaminate may cause inaccurate times.
  • Supply counts are checked every 10 seconds.